 Dungeon Crawl Stone Soup version 0.28-a0-1080-g05a166d0ed (webtiles) character file.

Game seed: 13737050749342886395

377 ytrimaz the Ducker (level 7, -2/50 HPs)
             Began as a Djinni Gladiator on Dec 9, 2021.
             Slain by a nameless horror (9 damage)
             ... created by miscasting Summon Guardian Golem
             ... on level 3 of the Dungeon.
             The game lasted 00:03:25 (3440 turns).

ytrimaz the Ducker (Djinni Gladiator)               Turns: 3440, Time: 00:03:26

Health: -2/50      AC:  4    Str: 15    XL:     7   Next: 4%
Gold:   59         EV: 13    Int: 10    God:
                   SH:  0    Dex: 14

rFire   + . .      SeeInvis .   f - +1 dagger (venom)
rCold   . . .      Faith    .   (no shield)
rNeg    . . .      Spirit   .   b - +0 leather armour
rPois   ∞          Reflect  .   c - +0 helmet
rElec   .          Harm     .   (no cloak)
rCorr   .          Rampage  .   (no gloves)
Will    .....                   (boots unavailable)
Stlth   +.........              (no amulet)
HPRegen 0.16/turn               e - ring of ice
MPRegen 0.00/turn               (no ring)

@: flying
A: sickness immunity, fire resistance 2, cold vulnerability 1, float, innate
caster, hp casting, extra vitality 1
a: no special abilities


You were on level 3 of the Dungeon.
You visited 1 branch of the dungeon, and saw 3 of its levels.

You collected 59 gold pieces.

Inventory:

Hand Weapons
 a - a +0 rapier
 f - a +1 dagger of venom (weapon)
Missiles
 d - 3 throwing nets
Armour
 b - a +0 leather armour (worn)
 c - a +0 helmet (worn)
Jewellery
 e - a ring of ice (left hand)
Scrolls
 i - a scroll of magic mapping
 j - a scroll of teleportation
Potions
 g - a potion of mutation {unknown}
 h - a potion of lignification {unknown}
 k - a potion of haste {unknown}
 l - a potion of degeneration {unknown}


   Skills:
 + Level 3.0 Fighting
 + Level 4.6 Short Blades
 - Level 1.5 Throwing
 + Level 4.7 Dodging
 * Level 2.3 Spellcasting


You had 4 spell levels left.
You knew the following spells:

 Your Spells              Type           Power      Damage    Failure   Level
a - Beastly Appendage     Tmut           10%        N/A       14%         1
b - Corpse Rot            Necr/Air       10%        N/A       22%         2
c - Summon Guardian Gole  Hex/Summ       5%         N/A       38%         3
Your spell library was empty.

Dungeon Overview and Level Annotations

Branches:
Dungeon (3/15)

Altars:


Innate Abilities, Weirdness & Mutations

You are immune to sickness and miasma.
You are immune to poison.
Your flesh is very heat resistant. (rF++)
You are vulnerable to cold. (rC-)
You float through the air rather than walking.
You learn spells naturally, not from books.
Your magical power is your life essence.
You have superior vitality. (+4 HP)


Message History

You don't know that spell.
Unknown command.
Casting: Corpse Rot (safe; 22% risk of failure)
Confirm with . or Enter, or press ? or * to list all spells.
You don't know that spell.
Press: ? - help, v - describe, . - travel
Here: a nameless horror (lightly damaged, durably summoned)
The floor.
Unknown command.
You hit the nameless horror but do no damage.
The nameless horror is lightly damaged.
The nameless horror hits you.
* * * LOW HITPOINT WARNING * * *
You barely miss the nameless horror.
The nameless horror is lightly damaged.
The nameless horror hits you!
* * * LOW HITPOINT WARNING * * *
Unknown command.
You hit the nameless horror but do no damage.
The nameless horror is lightly damaged.
The nameless horror barely misses you.
Unknown command.
You barely miss the nameless horror.
The nameless horror is lightly damaged.
Unknown command.
You hit the nameless horror.
The nameless horror is moderately damaged.
The nameless horror closely misses you.
Unknown command.
You hit the nameless horror but do no damage.
The nameless horror is moderately damaged.
The nameless horror misses you.
Unknown command.
You hit the nameless horror but do no damage.
The nameless horror is moderately damaged.
The nameless horror closely misses you.
You hit the nameless horror.
The nameless horror is moderately damaged.
The nameless horror hits you!
You die...

#. ....## ##.......#
#.##....#########........#
#.#......................#
#.#......................#
##.#......................#
#.........................#
#.........................#
#....#.....#..#X########.##
###'#.#####.#..#@# ...
..).#...# #.#..#.# b..?.
###.....# #.#..#.# ....(.>
#.#...# #....... .......
#.#...# #........ ......>
#.#...# #........ .......
##†##### #.#.##.## ##...#
#.#....# .....# #.#....#


You could see a nameless horror.

Vanquished Creatures
  Sigmund (D:2)
  Jessica (D:2)
  Natasha (thrice) (D:2)
  An iguana (D:3)
  4 adders
  2 dart slugs
  2 ball pythons (D:2)
  5 endoplasms
  2 giant cockroaches (D:2)
  9 goblins
  7 hobgoblins
  7 jackals
  A quokka (D:1)
  10 bats
  2 frilled lizards (D:1)
  4 kobolds
  6 rats
67 creatures vanquished.

Notes
Turn   | Place    | Note
-------+----------+-------------------------------------------
     0 | D:1      | ytrimaz the Djinni Gladiator began the quest for the Orb.
     0 | D:1      | Reached XP level 1. HP: 18/18 MP: 0/0
   271 | D:1      | Reached XP level 2. HP: 15/23 MP: 0/0
   813 | D:1      | Reached XP level 3. HP: 28/28 MP: 0/0
   813 | D:1      | Learned a level 1 spell: Beastly Appendage
  1727 | D:2      | Noticed Jessica
  1731 | D:2      | Reached XP level 4. HP: 30/34 MP: 0/0
  1751 | D:2      | Killed Jessica
  1752 | D:2      | Reached skill level 1 in Spellcasting
  1891 | D:2      | Noticed Sigmund
  1909 | D:2      | Killed Sigmund
  1910 | D:2      | Reached XP level 5. HP: 12/39 MP: 0/0
  1910 | D:2      | Learned a level 2 spell: Corpse Rot
  1910 | D:2      | Reached XP level 6. HP: 14/45 MP: 0/0
  2156 | D:2      | Noticed Natasha
  2165 | D:2      | Killed Natasha
  2498 | D:2      | Noticed Natasha
  2513 | D:2      | Killed Natasha
  2651 | D:2      | Noticed Natasha
  2666 | D:2      | Killed Natasha
  3124 | D:2      | Found a faded altar of an unknown god.
  3326 | D:3      | Reached XP level 7. HP: 36/50 MP: 0/0
  3326 | D:3      | Learned a level 3 spell: Summon Guardian Golem
  3411 | D:3      | Noticed a nameless horror
  3440 | D:3      | Slain by a nameless horror

Illustrated notes

Levels and vault maps discovered:
D:1:      dpeg_arrival_subterranean_lakeside_camping, layout_basic,
          chequers_serial_rivers_room_a, minivault_19, minmay_misc_feat_tiny,
          minmay_ruptured
D:2:      layout_basic, dilly_ecumenical_altar_fadedgnrine, uniq_jessica,
          uniq_sigmund, uniq_natasha
D:3:      layout_basic, gammafunk_temple_overflow_wave,
          kennysheep_cluttered_room, serial_bayou_crossing, uniq_terence,
          uniq_pargi

Skill      XL: |  1  2  3  4  5  6 |
---------------+-------------------+-----
Short Blades   | 3 4 |  4.6
Spellcasting   | 1 2 |  2.3
Dodging        | 4 |  4.7
Fighting       | 3 |  3.0
Throwing       | |  1.5

Action                   |  1- 3 |  4- 6 |  7- 9 || total
-------------------------+-------+-------+-------++-------
Melee: Rapier            |    38 |       |       ||    38
       Dagger            |    57 |   128 |    17 ||   202
       Headbutt          |     3 |     4 |       ||     7
 Cast: Beastly Appendage |     7 |     2 |       ||     9
       Corpse Rot        |       |     1 |       ||     1
  Use: Scroll            |     2 |       |       ||     2
 Stab: Sleeping          |     3 |       |       ||     3
Armor: Leather armour    |    25 |    33 |     7 ||    65
Dodge: Dodged            |    68 |    68 |     7 ||   143

Table legend: (Time is in decaauts)
 A = Elapsed time spent in this place.
 B = Non-inter-level travel time spent in this place.
 C = Inter-level travel time spent in this place.
 D = Time resting spent in this place.
 E = Time spent auto-exploring this place.
 F = Levels seen in this place.
 G = Mean time per level.
                   A        B        C        D        E       F      G
               +--------+--------+--------+--------+--------+-----+--------+
         Total |   3411 |   3376 |     35 |      0 |   2883 |   3 | 1137.0 |
       Dungeon |   3411 |   3376 |     35 |      0 |   2883 |   3 | 1137.0 |
               +--------+--------+--------+--------+--------+-----+--------+

Top non-repeatable levels by time:
     D:2: 1631 daAuts
     D:1: 1536 daAuts
     D:3: 242 daAuts
